 Dungeon Crawl Stone Soup version 0.23-a0-180-ga5275e7ff7 (webtiles) character file.

695 Ablot the Charmwright (level 7, -6/56 HPs)
             Began as a Gnoll Skald on Sept 18, 2018.
             Killed from afar by an orc wizard (9 damage)
             ... with a magic dart
             ... on level 4 of the Dungeon.
             The game lasted 00:05:58 (2495 turns).

Ablot the Charmwright (Gnoll Skald)                 Turns: 2495, Time: 00:05:58

Health: -6/56      AC:  4    Str: 15    XL:     7   Next: 64%
Magic:  2/15       EV: 15    Int: 15    God:
Gold:   235        SH:  3    Dex: 15    Spells: 6/17 levels left

rFire    . . .     SeeInvis .   a - +0 trident
rCold    . . .     Gourm    .   (no shield)
rNeg     . . .     Faith    .   b - +0 leather armour
rPois    .         Spirit   .   (no helmet)
rElec    .         Reflect  +   (no cloak)
rCorr    .         Harm     .   r - +0 pair of gloves
MR       .....                  (no boots)
Stlth    ++........             j - +3 amulet of reflection
HPRegen  0.18/turn              (no ring)
MPRegen  0.14/turn              (no ring)

@: no status effects
A: distributed training, fangs 1, strong nose
a: no special abilities


You were on level 4 of the Dungeon.
You were not hungry.

You visited 1 branch of the dungeon, and saw 4 of its levels.

You collected 235 gold pieces.

Inventory:

Hand Weapons
 a - a +0 trident (weapon)
 q - a +0 fustibalus
Missiles
 e - 3 sling bullets
 f - 39 arrows
 g - 84 bolts
 o - 57 stones (quivered)
 A - 4 needles of sleeping
Armour
 b - a +0 leather armour (worn)
 r - a +0 pair of gloves (worn)
 D - a +2 robe of fire resistance
Jewellery
 j - a +3 amulet of reflection (around neck)
Scrolls
 i - 2 scrolls of random uselessness {unknown}
 k - a scroll of noise {unknown}
 s - a scroll of immolation {unknown}
 t - a scroll of remove curse {unknown}
 u - 2 scrolls of identify {unknown}
 w - 3 scrolls of fear {unknown}
 y - a scroll of fog {unknown}
Potions
 c - 2 potions of brilliance {unknown}
 l - a potion of cancellation {unknown}
 m - a potion of invisibility {unknown}
 n - 3 potions of curing
 p - 2 potions of lignification {unknown}
 v - a potion of mutation {unknown}
 x - a potion of might
 z - 2 potions of haste {unknown}
 B - a potion of flight {unknown}
 C - a potion of heal wounds {unknown}
Comestibles
 d - 4 rations
 h - 11 chunks of flesh


   Skills:
 + Level 5.3 Fighting
 + Level 2.5 Short Blades
 + Level 2.5 Long Blades
 + Level 2.5 Axes
 + Level 2.5 Maces & Flails
 + Level 5.3 Polearms
 + Level 2.5 Staves
 + Level 2.5 Slings
 + Level 2.5 Bows
 + Level 2.5 Crossbows
 + Level 2.5 Throwing
 + Level 3.7 Armour
 + Level 5.3 Dodging
 + Level 2.5 Stealth
 + Level 2.5 Shields
 + Level 2.5 Unarmed Combat
 + Level 5.6 Spellcasting
 + Level 2.1 Conjurations
 + Level 2.1 Hexes
 + Level 5.8 Charms
 + Level 2.1 Summonings
 + Level 2.1 Necromancy
 + Level 2.1 Translocations
 + Level 2.1 Transmutations
 + Level 2.1 Fire Magic
 + Level 2.1 Ice Magic
 + Level 2.1 Air Magic
 + Level 2.1 Earth Magic
 + Level 2.1 Poison Magic
 + Level 2.8 Invocations
 + Level 2.5 Evocations


You had 6 spell levels left.
You knew the following spells:

 Your Spells              Type           Power        Failure   Level  Hunger
a - Infusion              Chrm           ###.         1%          1    None
b - Song of Slaying       Chrm           ###.....     2%          2    #......
c - Shroud of Golubria    Chrm/Tloc      ###.......   5%          2    #......
d - Regeneration          Chrm/Necr      ###.......   11%         3    ###....
e - Spectral Weapon       Hex/Chrm       ###.....     11%         3    ###....

Your spell library contained the following spells:

 Spells                   Type           Power        Failure   Level  Hunger


Dungeon Overview and Level Annotations

Branches:
Dungeon (4/15)
 Temple: D:4-7

Altars:
Ashenzari
Dithmenos
Elyvilon
Gozag
Ru
Zin
The Shining One


Innate Abilities, Weirdness & Mutations

Your experience applies equally to all skills.
You have very sharp teeth.
Your uncanny sense of smell can sniff out nearby items.


Message History

You puncture the orc wizard!
The orc wizard is heavily wounded.
The orc wizard closely misses you. x2
You barely miss the orc wizard.
The orc wizard is heavily wounded.
Your song has ended.
The orc wizard hits you but does no damage.
You hit the orc wizard. Your bite misses the orc wizard.
The orc wizard is severely wounded.
The orc wizard points at you and mumbles some strange words.
You resist with some effort. The orc wizard hits you with a dagger.
* * * LOW HITPOINT WARNING * * *
You miss the orc wizard.
The orc wizard is severely wounded.
The orc wizard hits you but does no damage.
You hit the orc wizard.
The orc wizard is almost dead.
The orc wizard points at you and mumbles some strange words.
The magic dart hits you!
You die...

### #<#.# #.#.###
###################.#....
.....ooo@).....).........
#.....#############.####.
#.... ######.####. +...
............. #.g
#####.#....รท. ..
#.#.##### . #........
###..#### ##.##


You could see an orc wizard and 2 orcs.

Vanquished Creatures
  Grinder (D:3)
  An ogre (D:4)
  2 hounds (D:4)
  A gnoll shaman (D:4)
  An orc wizard (D:4)
  A centaur skeleton (D:4)
  Terence (D:2)
  11 gnolls
  8 adders
  2 worms
  A leopard gecko (D:3)
  9 orcs
  6 giant cockroaches
  8 hobgoblins
  2 quokkas
  5 bats
  2 frilled lizards
  5 goblins
  5 kobolds
  7 rats
79 creatures vanquished.

Vanquished Creatures (others)
  A spectral weapon (D:3)
1 creature vanquished.

Grand Total: 80 creatures vanquished

Notes
Turn   | Place    | Note
-------+----------+-------------------------------------------
     0 | D:1      | Ablot the Gnoll Skald began the quest for the Orb.
     0 | D:1      | Reached XP level 1. HP: 20/20 MP: 6/6
   166 | D:1      | Reached XP level 2. HP: 26/26 MP: 7/7
   170 | D:1      | Learned a level 2 spell: Song of Slaying
   173 | D:1      | Learned a level 2 spell: Shroud of Golubria
   657 | D:2      | Reached skill level 5 in Spellcasting
   657 | D:2      | Reached XP level 3. HP: 31/31 MP: 2/9
   662 | D:2      | Learned a level 3 spell: Regeneration
   666 | D:2      | Learned a level 3 spell: Spectral Weapon
   885 | D:2      | Reached skill level 1 in Invocations
   947 | D:2      | Reached skill level 1 in Short Blades
   947 | D:2      | Reached skill level 1 in Long Blades
   947 | D:2      | Reached skill level 1 in Axes
   947 | D:2      | Reached skill level 1 in Maces & Flails
   947 | D:2      | Reached skill level 1 in Staves
   947 | D:2      | Reached skill level 1 in Slings
   947 | D:2      | Reached skill level 1 in Bows
   947 | D:2      | Reached skill level 1 in Crossbows
   947 | D:2      | Reached skill level 1 in Throwing
   947 | D:2      | Reached skill level 1 in Stealth
   947 | D:2      | Reached skill level 1 in Shields
   947 | D:2      | Reached skill level 1 in Unarmed Combat
   947 | D:2      | Reached skill level 1 in Evocations
  1020 | D:2      | Found a shattered altar of Ashenzari.
  1029 | D:2      | Reached XP level 4. HP: 38/38 MP: 1/11
  1044 | D:2      | Noticed Terence
  1060 | D:2      | Killed Terence
  1060 | D:2      | Reached skill level 1 in Conjurations
  1060 | D:2      | Reached skill level 1 in Hexes
  1060 | D:2      | Reached skill level 1 in Summonings
  1060 | D:2      | Reached skill level 1 in Necromancy
  1060 | D:2      | Reached skill level 1 in Translocations
  1060 | D:2      | Reached skill level 1 in Transmutations
  1060 | D:2      | Reached skill level 1 in Fire Magic
  1060 | D:2      | Reached skill level 1 in Ice Magic
  1060 | D:2      | Reached skill level 1 in Air Magic
  1060 | D:2      | Reached skill level 1 in Earth Magic
  1060 | D:2      | Reached skill level 1 in Poison Magic
  1276 | D:2      | Reached XP level 5. HP: 43/43 MP: 12/12
  1414 | D:3      | Noticed Grinder
  1432 | D:3      | Killed Grinder
  1432 | D:3      | Reached skill level 5 in Fighting
  1432 | D:3      | Reached skill level 5 in Polearms
  1432 | D:3      | Reached skill level 5 in Dodging
  1432 | D:3      | Reached XP level 6. HP: 11/51 MP: 4/14
  2087 | D:3      | Found a faded altar of an unknown god.
  2221 | D:3      | Found a faded altar of an unknown god.
  2221 | D:3      | Found a sacrificial altar of Ru.
  2226 | D:3      | Found a faded altar of an unknown god.
  2228 | D:3      | Found a shadowy altar of Dithmenos.
  2230 | D:3      | Found an opulent altar of Gozag.
  2277 | D:4      | Reached XP level 7. HP: 36/56 MP: 15/15
  2298 | D:4      | Found a white marble altar of Elyvilon.
  2299 | D:4      | Found a glowing golden altar of the Shining One.
  2300 | D:4      | Found a glowing silver altar of Zin.
  2495 | D:4      | Killed from afar by an orc wizard

Vault maps used:
D:1:      dpeg_arrival_another_circle
D:2:      evilmike_ruin_ashenzari, dk_noncrumbling_4, uniq_terence
D:3:      chequers_temple_overflow_minitemple, chequers_ecumenical_altar_grove,
          minivault_27, uniq_grinder
D:4:      good_gods_temple_1, first_ration, enter_ossuary_3,
          corexii_corridor_pit

Skill      XL: |  1  2  3  4  5  6  7 |
---------------+----------------------+-----
Spellcasting   | 5 |  5.6
Invocations    | 1 2 |  2.8
Short Blades   | 1 2 |  2.5
Long Blades    | 1 2 |  2.5
Axes           | 1 2 |  2.5
Maces & Flails | 1 2 |  2.5
Staves         | 1 2 |  2.5
Slings         | 1 2 |  2.5
Bows           | 1 2 |  2.5
Crossbows      | 1 2 |  2.5
Throwing       | 1 2 |  2.5
Stealth        | 1 2 |  2.5
Shields        | 1 2 |  2.5
Unarmed Combat | 1 2 |  2.5
Evocations     | 1 2 |  2.5
Conjurations   | 1 2 |  2.1
Hexes          | 1 2 |  2.1
Summonings     | 1 2 |  2.1
Necromancy     | 1 2 |  2.1
Translocations | 1 2 |  2.1
Transmutations | 1 2 |  2.1
Fire Magic     | 1 2 |  2.1
Ice Magic      | 1 2 |  2.1
Air Magic      | 1 2 |  2.1
Earth Magic    | 1 2 |  2.1
Poison Magic   | 1 2 |  2.1
Fighting       | 5 |  5.3
Polearms       | 5 |  5.3
Armour         | 3 |  3.7
Dodging        | 5 |  5.3
Charms         | |  5.8

Action                   |  1- 3 |  4- 6 |  7- 9 || total
-------------------------+-------+-------+-------++-------
Melee: Spear             |    76 |       |       ||    76
       Bite              |    11 |     6 |     4 ||    21
       Trident           |    33 |    79 |    77 ||   189
       Punch             |       |     2 |     1 ||     3
 Fire: Fustibalus        |       |    24 |       ||    24
 Cast: Shroud of Golubri |     5 |     6 |     3 ||    14
       Infusion          |     3 |     1 |     1 ||     5
       Regeneration      |     2 |     3 |     5 ||    10
       Song of Slaying   |     1 |     3 |     2 ||     6
       Spectral Weapon   |       |     2 |     1 ||     3
 Stab: Sleeping          |     1 |       |     4 ||     5
  Eat: Chunk             |     1 |     5 |     1 ||     7
Armor: Leather armour    |    10 |    11 |     5 ||    26
Dodge: Dodged            |    58 |    42 |    43 ||   143
Block: Other             |     8 |     5 |     6 ||    19

Table legend:
 A = Non-vault XP
 B = Vault XP
 C = Vault XP percentage of total XP
 D = Non-vault monster count
 E = Vault monster count
 F = Vault count percentage of total count
                 A         B        C        D         E       F
            +---------+---------+-------+---------+---------+-------
      Total |     696 |     298 |  30.0 |      77 |       2 |   2.5
            +---------+---------+-------+---------+---------+-------
        D:1 |      19 |       0 |   0.0 |      13 |       0 |   0.0
        D:2 |     111 |      36 |  24.5 |      21 |       1 |   4.5
        D:3 |     143 |     262 |  64.7 |      28 |       1 |   3.4
        D:4 |     423 |       0 |   0.0 |      15 |       0 |   0.0
            +---------+---------+-------+---------+---------+-------
